 Dungeon Crawl Stone Soup version 0.24-a0-203-gf0bc1e9 (webtiles) character file.

Game seed: 10362667907561819175

3045 Ijustatesigmund the Basher (level 9, -2/63 HPs)
             Began as an Octopode Fighter on Mar 26, 2019.
             Was an Initiate of Cheibriados.
             Slain by a red ugly thing (18 damage)
             ... on level 8 of the Dungeon.
             The game lasted 00:11:21 (6672 turns).

Ijustatesigmund the Basher (Octopode Fighter)       Turns: 6672, Time: 00:11:21

Health: -2/63      AC:  3    Str: 21    XL:     9   Next: 87%
Magic:  9/9        EV: 19    Int: 12    God:    Cheibriados [......]
Gold:   402        SH: 16    Dex: 15    Spells: 8/8 levels left

rFire    . . .     SeeInvis .   a - +3 whip (flame)
rCold    . . .     Gourm    .   b - +1 shield
rNeg     . . .     Faith    .   (helmet restricted)
rPois    .         Spirit   .   f - +4 amulet of reflection
rElec    .         Reflect  +   p - +3 ring of evasion
rCorr    .         Harm     .   y - +2 ring of protection
MR       .....     Rnd*Rage +   (no ring)
Stlth    +++.......             (no ring)
HPRegen  0.20/turn              (no ring)
MPRegen  0.11/turn              (no ring)
                                (no ring)
                                (no ring)

@: mighty, very slow
A: almost no armour, stealthy swim, amphibious, 8 rings, constrict 8, camouflage
1, berserk 1, blink, gelatinous body 1
a: Blink, Bend Time, Renounce Religion


You were on level 8 of the Dungeon.
You worshipped Cheibriados.
Cheibriados was noncommittal.
You were very hungry.

You visited 2 branches of the dungeon, and saw 9 of its levels.

You collected 402 gold pieces.

Inventory:

Hand Weapons
 a - a +3 whip of flaming (weapon)
Missiles
 i - 6 javelins (quivered)
Armour
 b - a +1 shield (worn)
Jewellery
 f - a +4 amulet of reflection (around mantle)
 p - a +3 ring of evasion (left tentacle)
 q - an uncursed amulet of rage {unknown}
 t - an uncursed amulet of harm {unknown}
 y - a +2 ring of protection (right tentacle)
Wands
 s - a wand of disintegration (16)
 w - a wand of polymorph (10)
Scrolls
 m - 3 scrolls of magic mapping
 v - 2 scrolls of enchant armour
 x - 2 scrolls of remove curse
Potions
 c - a potion of might
 e - a potion of magic
 g - a potion of invisibility
 k - a potion of agility
 l - a potion of brilliance
 n - 2 potions of haste {unknown}
 o - a potion of curing
 r - a potion of flight {unknown}
Comestibles
 d - 11 rations


   Skills:
 - Level 6.6 Fighting
 - Level 8.7 Maces & Flails
 - Level 6.7 Dodging
 + Level 0.6 Stealth
 - Level 6.6 Shields
 + Level 0.4 Invocations


You had 8 spell levels left.
You didn't know any spells.
Your spell library contained the following spells:

 Spells                   Type           Power        Failure   Level  Hunger
 Beastly Appendage        Tmut           #.....       67%         1    ##.....
 Summon Small Mammal      Summ           #...         67%         1    ##.....
 Call Imp                 Summ           #.......     82%         2    ###....
 Sticks to Snakes         Tmut           #.......     82%         2    ###....
 Call Canine Familiar     Summ           #.......     96%         3    ####...
 Spider Form              Tmut/Pois      #.........   96%         3    ####...
 Summon Guardian Golem    Hex/Summ       #.......     96%         3    ####...
 Ice Form                 Ice/Tmut       #.......     100%        4    #####..
 Summon Ice Beast         Ice/Summ       #.......     100%        4    #####..
 Summon Lightning Spire   Summ/Air       #.......     100%        4    #####..
 Blade Hands              Tmut           #.........   100%        5    ######.


Dungeon Overview and Level Annotations

Branches:
Dungeon (8/15)             Temple (1/1) D:7
   Lair: D:8-11

Altars:
Ashenzari
Cheibriados
Dithmenos
Elyvilon
Fedhas
Gozag
Hepliaklqana
Kikubaaqudgha
Makhleb
Nemelex Xobeh
Okawaru
Qazlal
Ru
Sif Muna
Trog
Uskayaw
Vehumet
Wu Jian
Xom
Yredelemnul
Zin
The Shining One

Shops:
D:5 }


Innate Abilities, Weirdness & Mutations

You cannot wear most types of armour.
You are very stealthy in the water. (Stealth+)
You are amphibious.
You can wear up to eight rings at the same time.
You can use your tentacles to constrict eight enemies at once.
Your skin changes colour to match your surroundings (Stealth+).
Your rubbery body absorbs attacks. (AC +1, EV +1)
You tend to lose your temper in combat.
You can translocate small distances at will.


Message History

You whack the red ugly thing! You burn the red ugly thing.
You grab the red ugly thing.
The red ugly thing is lightly wounded.
You constrict the red ugly thing.
An orc wizard comes into view. It is wielding a staff of air.
The orc wizard shouts!
You whack the red ugly thing! You burn the red ugly thing.
You squeeze the red ugly thing.
The red ugly thing is heavily wounded.
You constrict the red ugly thing, but do no damage.
You hear a shout!
The red ugly thing gores you!
* * * LOW HITPOINT WARNING * * *
You are engulfed in flames!
* * * LOW HITPOINT WARNING * * *
You feel much better.
You constrict the red ugly thing. The red ugly thing gores you.
* * * LOW HITPOINT WARNING * * *
You are engulfed in flames!!
You die...

# ### ## . ...
o. #.#.# .###
#.#.# .....
####.#.###......
........@u..#..
###..........#
###.###......
#.# ##.### #.#
#.# #.# #.# #.#
#.# ####### #.#
#.# #...... #.#
#.# #.####.


You could see a red ugly thing and an orc wizard.

Vanquished Creatures
  Prince Ribbit (D:5)
  A hippogriff (D:7)
  Sigmund (D:5)
  An orc warrior (D:7)
  2 phantoms
  A sky beast (D:7)
  2 ice beasts (D:7)
  A necrophage (D:5)
  2 centaurs
  2 bullfrogs
  4 howler monkeys
  5 crimson imps
  A quasit (D:5)
  2 bullfrog skeletons
  2 centaur skeletons
  3 hounds
  A centaur zombie (D:6)
  A jelly (D:5)
  Crazy Yiuf (D:5)
  6 orc priests
  5 orc wizards
  3 iguanas
  7 worker ants
  A hound skeleton (D:6)
  12 gnolls
  6 adders
  2 oozes
  2 adder skeletons
  2 worms
  A dart slug (D:1)
  5 leopard geckos
  21 orcs
  4 giant cockroaches
  9 goblins
  2 hobgoblins
  4 jackals
  5 kobolds
  3 quokkas
  2 ball pythons
  A bat (D:1)
  3 frilled lizards
  A jackal zombie (D:6)
  A quokka zombie (D:5)
  5 rats
  2 fungi (D:5)
149 creatures vanquished.

Vanquished Creatures (others)
  A centaur (D:6)
1 creature vanquished.

Grand Total: 150 creatures vanquished

Notes
Turn   | Place    | Note
-------+----------+-------------------------------------------
     0 | D:1      | Ijustatesigmund the Octopode Fighter began the quest for
                  | the Orb.
     0 | D:1      | Reached XP level 1. HP: 16/16 MP: 1/1
   410 | D:1      | Reached XP level 2. HP: 21/21 MP: 2/2
   530 | D:1      | Gained mutation: You are weak. (Str -2) [potion of
                  | mutation]
   530 | D:1      | Lost mutation: You are weak. (Str -2) [potion of mutation]
   530 | D:1      | Gained mutation: You tend to lose your temper in combat.
                  | [potion of mutation]
   530 | D:1      | Gained mutation: You can translocate small distances at
                  | will. [potion of mutation]
  1034 | D:2      | Reached XP level 3. HP: 26/26 MP: 3/3
  1293 | D:2      | Found a glowing silver altar of Zin.
  1711 | D:3      | Reached skill level 3 in Maces & Flails
  1721 | D:3      | Reached XP level 4. HP: 21/31 MP: 4/4
  2572 | D:4      | Reached XP level 5. HP: 36/36 MP: 5/5
  2641 | D:4      | Reached skill level 4 in Maces & Flails
  2749 | D:4      | Reached XP level 6. HP: 43/43 MP: 6/6
  3144 | D:5      | Entered Level 5 of the Dungeon
  3173 | D:5      | Reached XP level 7. HP: 41/48 MP: 7/7
  3248 | D:5      | Noticed Sigmund
  3254 | D:5      | Killed Sigmund
  3254 | D:5      | Reached skill level 5 in Maces & Flails
  3391 | D:5      | Noticed Prince Ribbit
  3396 | D:5      | Killed Prince Ribbit
  3446 | D:5      | Reached XP level 8. HP: 54/54 MP: 8/8
  3482 | D:5      | Reached skill level 6 in Maces & Flails
  3482 | D:5      | Reached skill level 5 in Dodging
  3494 | D:5      | Reached skill level 5 in Fighting
  3624 | D:5      | Reached skill level 5 in Shields
  3678 | D:5      | Found Fujottan's Gadget Boutique.
  4312 | D:5      | Found a runed translucent door.
  4313 | D:5      | Noticed Crazy Yiuf
  4320 | D:5      | Killed Crazy Yiuf
  4497 | D:6      | Reached skill level 7 in Maces & Flails
  4638 | D:6      | Reached XP level 9. HP: 52/61 MP: 9/9
  4785 | D:6      | Found an iron altar of Okawaru.
  4787 | D:6      | Found a glowing golden altar of the Shining One.
  4787 | D:6      | Found a bloodstained altar of Trog.
  5200 | D:7      | Found a stormy altar of Qazlal.
  5641 | D:7      | HP: 2/62 [orc warrior/+0 trident (17)]
  5642 | D:7      | Reached skill level 8 in Maces & Flails
  5987 | D:7      | Found a staircase to the Ecumenical Temple.
  6374 | Temple   | Entered the Ecumenical Temple
  6554 | D:8      | Noticed a centaur warrior
  6588 | D:8      | Found a snail-covered altar of Cheibriados.
  6596 | D:8      | Became a worshipper of Cheibriados the Contemplative
  6665 | D:8      | Noticed a red ugly thing
  6671 | D:8      | HP: 1/63 [red ugly thing (17)]
  6672 | D:8      | Slain by a red ugly thing

Levels and vault maps discovered:
D:1:      dpeg_arrival_signposts, layout_basic
D:2:      layout_basic, old_standard_altar
D:3:      layout_loops_corners, minmay_misc_feat_iff, hangedman_feature_mirror
D:4:      layout_rooms, first_ration, hex_intersection,
          minmay_increasing_density
D:5:      layout_loops_ring, serial_shops, nicolae_shop_behind_doors,
          uniq_sigmund, uniq_prince_ribbit1, uniq_crazy_yiuf_cottage
D:6:      layout_loops_corners, grunt_temple_overflow_open
D:7:      layout_basic, grunt_qazlal_clouds, minmay_temple_entry_statues
D:8:      minmay_the_grid_square_5x5_3x3 [minmay_the_grid_square_5x5_c,
          minmay_the_grid_square_5x5_shrine2, minmay_the_grid_square_5x5_corner,
          minmay_the_grid_square_5x5_checkered_statues,
          minmay_the_grid_square_5x5_megaprize_checkered,
          minmay_the_grid_square_5x5_hourglass,
          minmay_the_grid_square_5x5_beaten_path,
          minmay_the_grid_square_5x5_spiral, minmay_the_grid_square_5x5_three],
          layout_loops_ring, cheibriados_altar_1, uniq_pikel
Temple:   compressed_dpeg_circular_temple

Skill      XL: |  1  2  3  4  5  6  7  8  9 |
---------------+----------------------------+-----
Maces & Flails | 3 4 5 7 8 |  8.7
Fighting       | 4 5 6 |  6.6
Dodging        | 4 5 6 |  6.7
Shields        | 4 5 6 |  6.6
Stealth        | |  0.6
Invocations    | |  0.4

Action                   |  1- 3 |  4- 6 |  7- 9 || total
-------------------------+-------+-------+-------++-------
Melee: Whip              |    53 |    62 |   299 ||   414
       Flail             |     4 |       |       ||     4
       Constrict         |    15 |    18 |    67 ||   100
       Tentacles         |    11 |    13 |    85 ||   109
  Use: Scroll            |     8 |     3 |     6 ||    17
       Potion            |     1 |       |     5 ||     6
 Stab: Sleeping          |     7 |     7 |     7 ||    21
       Distracted        |       |     1 |     3 ||     4
  Eat: Chunk             |     2 |     4 |    11 ||    17
Armor: Skin              |     1 |     1 |     8 ||    10
Dodge: Dodged            |    19 |    12 |    72 ||   103
Block: Shield            |    22 |    24 |   156 ||   202
       Reflection        |       |       |     7 ||     7

Table legend:
 A = Non-vault XP
 B = Vault XP
 C = Vault XP percentage of total XP
 D = Non-vault monster count
 E = Vault monster count
 F = Vault count percentage of total count
                 A         B        C        D         E       F
            +---------+---------+-------+---------+---------+-------
      Total |    3442 |     908 |  20.9 |     136 |      12 |   8.1
            +---------+---------+-------+---------+---------+-------
        D:1 |      22 |       0 |   0.0 |      13 |       0 |   0.0
        D:2 |      27 |       0 |   0.0 |       9 |       0 |   0.0
        D:3 |      82 |      20 |  19.6 |      19 |       2 |   9.5
        D:4 |     248 |     136 |  35.4 |       8 |       4 |  33.3
        D:5 |     879 |     538 |  38.0 |      27 |       3 |  10.0
        D:6 |     668 |       0 |   0.0 |      25 |       0 |   0.0
        D:7 |    1295 |       0 |   0.0 |      26 |       0 |   0.0
        D:8 |     221 |     214 |  49.2 |       9 |       3 |  25.0
            +---------+---------+-------+---------+---------+-------
